 Dungeon Crawl Stone Soup version 0.29-a0-885-gb26ba3297d (webtiles) character file.

Game seed: 5732267968010663061

110154 zeratav the Transmogrifier (level 16, -5/109 HPs)
             Began as an Octopode Venom Mage on July 20, 2022.
             Was an Initiate of Gozag.
             Slain by a ghost moth (8 damage)
             ... on level 3 of the Spider Nest.
             The game lasted 01:29:00 (37165 turns).

zeratav the Transmogrifier (Octopode Venom Mage)   Turns: 37165, Time: 01:29:00

Health: -5/109     AC:  3    Str:  5 (7)  XL:     16   Next: 54%
Magic:  6/31       EV: 16    Int: 35 (37) God:    Gozag
Gold:   1092       SH:  0    Dex: 10 (13) Spells: 1/37 levels left

rFire   + + .      SeeInvis .   i - +5 short sword (speed) {short}
rCold   + + .      Faith    .   (no shield)
rNeg    + . .      Spirit   .   l - +2 hat
rPois   +          Reflect  .   T - amulet of regeneration
rElec   +          Harm     .   q - +4 ring of slaying
rCorr   .          Rampage  .   r - ring of wizardry
Will    +....                   V - ring of Uptoba {Fire rElec rPois Int+8 Dex-5}
Stlth   +++++.....              j - ring of protection from fire
HPRegen 1.08/turn               m - ring of protection from cold
MPRegen 0.22/turn               E - +6 ring of dexterity
                                n - ring "Rippokaz" {rPois rC++ Str-2 Int+5}
                                B - ring of positive energy

@: invisible
A: almost no armour, amphibious, 8 rings, camouflage 1, gelatinous body 1,
(nimble swimmer 1), tentacles
a: Renounce Religion, Potion Petition, Call Merchant, Bribe Branch


You were on level 3 of the Spider Nest.
You worshipped Gozag.
Gozag was most pleased with you.
You visited 5 branches of the dungeon, and saw 25 of its levels.
You also visited: Ossuary and Bailey.

You collected 9498 gold pieces.
You spent 2000 gold pieces at shops.
You paid 6406 gold pieces to Gozag.


Innate Abilities, Weirdness & Mutations

You cannot wear most types of armour.
You are amphibious.
You can wear up to eight rings at the same time.
Your skin changes colour to match your surroundings (Stealth+).
Your rubbery body absorbs attacks. (AC +1, EV +1)
((You are camouflaged when in or above water. (Stealth+)))
You have tentacles for arms and can constrict up to eight enemies at once.


   Skills:
 - Level 10.0 Fighting
 - Level 10.0 Dodging
 - Level 10.0 Stealth
 + Level 11.4 Spellcasting
 - Level 8.0 Conjurations
 - Level 5.0 Necromancy
 - Level 13.0 Transmutations
 - Level 8.0 Ice Magic
 - Level 10.0 Air Magic
 + Level 6.0 Earth Magic
 - Level 10.0 Poison Magic


You had one spell level left.
You knew the following spells:

 Your Spells              Type           Power      Damage    Failure   Level
a - Sting                 Tmut/Pois      100%       1d8       0%          1
b - Poisonous Vapours     Pois/Air       100%       N/A       1%          2
c - Olgreb's Toxic Radia  Pois           74%        N/A       1%          4
d - Ignite Poison         Fire/Tmut/Pois 84%        N/A       1%          3
e - Eringya's Noxious Bo  Tmut/Pois      39%        N/A       1%          6
f - Freezing Cloud        Conj/Ice/Air   34%        6-21      1%          5
g - Yara's Violent Unrav  Hex/Tmut       30%        3d13      1%          5
h - Dispel Undead         Necr           53%        3d19      1%          4
i - Statue Form           Tmut/Erth      48%        N/A       2%          6

Your spell library contained the following spells:

 Spells                   Type           Power      Damage    Failure   Level
 Beastly Appendage        Tmut           100%       N/A       0%          1
 Freeze                   Ice            100%       1d11      1%          1
 Magic Dart               Conj           100%       1d8       1%          1
 Shock                    Conj/Air       100%       1d9       1%          1
 Wereblood                Tmut           84%        N/A       0%          2
 Scorch                   Fire           58%        2d8       1%          2
 Searing Ray              Conj           100%       2d8       1%          2
 Static Discharge         Conj/Air       70%        3-12/arc  1%          2
 Frozen Ramparts          Ice            100%       1d12      1%          3
 Mephitic Cloud           Conj/Pois/Air  71%        N/A       1%          3
 Spider Form              Tmut/Pois      79%        N/A       1%          3
 Fulminant Prism          Conj/Hex       23%        3d13      1%          4
 Hailstorm                Conj/Ice       66%        3d14      1%          4
 Sticky Flame             Conj/Fire      64%        2d8       1%          4
 Summon Ice Beast         Ice/Summ       47%        N/A       1%          4
 Alistair's Intoxication  Tmut/Pois      52%        N/A       1%          5
 Confusing Touch          Hex            19%        N/A       2%          3
 Gell's Gravitas          Tloc           19%        N/A       2%          3
 Lesser Beckoning         Tloc           19%        N/A       2%          3
 Portal Projectile        Hex/Tloc       38%        N/A       2%          3
 Summon Guardian Golem    Hex/Summ       19%        N/A       2%          3
 Teleport Other           Tloc           19%        N/A       2%          3
 Borgnjor's Vile Clutch   Necr/Erth      27%        N/A       2%          5
 Manifold Assault         Tloc           19%        N/A       24%         5
 Summon Forest            Summ/Tloc      9%         N/A       24%         5
 Summon Mana Viper        Hex/Summ       19%        N/A       24%         5
 Starburst                Conj/Fire      32%        6d10      26%         6
 Orb of Destruction       Conj           33%        9d10      26%         7
 Spellforged Servitor     Conj/Summ      23%        N/A       77%         7
 Enfeeble                 Hex            9%         N/A       99%         7
 Malign Gateway           Summ/Tloc      9%         N/A       99%         7
 Monstrous Menagerie      Summ           9%         N/A       99%         7

Inventory:

Hand Weapons
 i - a +5 short sword of speed (weapon) {short}
   (You found it on level 2 of the Dungeon)
Armour
 l - a +2 hat (worn)
   (You found it on level 5 of the Dungeon)
Jewellery
 j - a ring of protection from fire (on tentacle)
   (You found it on level 5 of the Dungeon)
 k - a ring of fire
   (You found it on level 2 of the Dungeon)
 m - a ring of protection from cold (on tentacle)
   (You found it on level 7 of the Dungeon)
 n - the ring "Rippokaz" (on tentacle) {rPois rC++ Str-2 Int+5}
   (You acquired it on level 3 of the Lair of Beasts)

   [ring of poison resistance]

   Str:       It affects your strength (-2).
   Int:       It affects your intelligence (+5).
   rC:        It greatly protects you from cold.
   rPois:     It protects you from poison.
 q - a +4 ring of slaying (left tentacle)
   (You took it off a hobgoblin on level 3 of the Dungeon)
 r - a ring of wizardry (right tentacle)
   (You found it on level 3 of the Dungeon)
 y - a ring of flight
   (You found it on level 4 of the Dungeon)
 B - a ring of positive energy (on tentacle)
   (You found it on level 4 of the Lair of Beasts)
 E - a +6 ring of dexterity (on tentacle)
   (You took it off an orc on level 8 of the Dungeon)
 J - an amulet of the acrobat
   (You took it off a kobold on level 9 of the Dungeon)
 T - an amulet of regeneration (around mantle)
   (You found it on level 2 of the Spider Nest)
 V - the ring of Uptoba (on tentacle) {Fire rElec rPois Int+8 Dex-5}
   (You found it on level 1 of the Spider Nest)

   [ring of fire]

   It enhances your fire magic.
   Int:       It affects your intelligence (+8).
   Dex:       It affects your dexterity (-5).
   rF:        It protects you from fire.
   rC:        It makes you vulnerable to cold.
   rElec:     It insulates you from electricity.
   rPois:     It protects you from poison.
Wands
 h - a wand of flame (51)
   (You took it off Maggie on level 7 of the Dungeon)
 t - a wand of mindburst (25)
   (You found it on level 6 of the Dungeon)
 x - a wand of digging (8)
   (You took it off Natasha on level 3 of the Dungeon)
 F - a wand of polymorph (26)
   (You found it on level 8 of the Dungeon)
 K - a wand of light (3)
   (You found it on level 10 of the Dungeon)
 N - a wand of roots (20)
   (You found it on level 2 of the Lair of Beasts)
Scrolls
 b - 3 scrolls of vulnerability {!r!r}
 d - 19 scrolls of teleportation {@r4}
 e - 6 scrolls of silence {!r}
 f - 3 scrolls of magic mapping {!r}
 g - 5 scrolls of fear
 o - 3 scrolls of amnesia
 p - 4 scrolls of summoning
 s - 2 scrolls of fog
 D - 7 scrolls of poison {!r}
 G - a scroll of blinking {!r}
 M - 2 scrolls of enchant weapon
 P - 3 scrolls of immolation {!r!r}
 S - 2 scrolls of brand weapon
Potions
 a - a potion of magic
 u - 7 potions of mutation {!q}
 v - 14 potions of curing {@q1}
 w - 4 potions of resistance
 z - 4 potions of haste {@q3}
 A - 3 potions of heal wounds {@q2}
 C - a potion of cancellation
 I - 2 potions of ambrosia
 O - a potion of might
 Q - a potion of attraction {!q}
 R - 3 potions of lignification {!q}
 U - a potion of brilliance
Miscellaneous
 H - a phial of floods
   (You found it on level 5 of the Lair of Beasts)
 L - a phantom mirror
   (You found it on level 10 of the Dungeon)

Dungeon Overview and Level Annotations

Branches:
Dungeon (14/15) Zot: 26331  Temple (1/1) D:6 Zot: 5643    Lair (5/5) D:9 Zot: 19484
 Shoals (0/4) Lair:2       Spider (3/4) Lair:2 Zot: 14709   Slime (0/5) Lair:4
    Orc (2/2) D:11 Zot: 8147     Elf (0/3) Orc:2       Ossuary (visited)
 Bailey (visited)
 Vaults: D:13-14

Altars:
Ashenzari
Cheibriados
Dithmenos
Elyvilon
Fedhas
Gozag
Hepliaklqana
Kikubaaqudgha
Makhleb
Nemelex Xobeh
Okawaru
Qazlal
Ru
Sif Muna
Trog
Uskayaw
Vehumet
Wu Jian
Xom
Yredelemnul
Zin
The Shining One

Shops:
D:7 ?   D:14 *   Orc:1 *   Orc:2 **[?:?=:*::[*

Annotations:
D:3 exclusion: downstairs
D:5 2 runed translucent doors, flotson's ghost, weakling DsDe
D:12 exclusion: vampire
D:14 exclusion: skeletal warrior, Roxanne
Lair:1 1 runed translucent door, exclusion: hydra, tself55's ghost, journeyman PaFi
Lair:4 exclusion: 3 oklob plants
Orc:2 3 runed translucent doors, davecave's ghost, journeyman TrMo

#...........# #..
##..####.<.#### #.....
.......#.#....###.#..# $
...##..#####..##.###..#
#..#.$.^#..#.....^≈...
..###.....##....#####.
##^..#....###..#...###
#....##.....##........
......#{@#[...###..###...
#...#.#.^#..#.^.#...≈^..#
#..####..####..##########
... #....#....^#...#....
.# ##.#.#...#....###...
#####...#..#.....##
...#^#..#..[...#
#...###..###.#...
#..##^.....###...


There were no monsters in sight!


Message History

HP[+8] MP[+8]
Your hp is fully restored (109).
Your mp is fully restored (31).
A jumping spider comes into view.
Casting: Poisonous Vapours (safe; 1% risk of failure)
Confirm with . or Enter, or press ? or * to list all spells.
Aiming: Poisonous Vapours (safe; 1% risk of failure)
Press: ? - help, Dir - move target, f - jumping spider
Aim: a jumping spider (wandering, hasn't noticed you) Poisonous vapours surround the jumping spider!
The jumping spider is poisoned.
The jumping spider's many legs skitter faintly.
You hear a faint skittering sound.
MP[-2]
You lost 2 mp, and now have 29/31 mp.
Casting: Poisonous Vapours (safe; 1% risk of failure)
Confirm with . or Enter, or press ? or * to list all spells.
You feel a surge of power!
You ignite the poison in your surroundings!
The jumping spider seems to burn from within!!!
You kill the jumping spider!
Your Earth Magic skill increases to level 6!
MP[-3]
You lost 3 mp, and now have 26/31 mp.
You feel you are being watched by something.
You feel your power leaking away.
MP[-4]
You lost 4 mp, and now have 22/31 mp.
Casting: Ignite Poison (safe; 1% risk of failure)
Confirm with . or Enter, or press ? or * to list all spells.
You begin to radiate toxic energy.
You feel you are being watched by something.
You feel your power leaking away. Something hits you!!
You feel clumsy.
Deactivating autopickup; reactivate with Ctrl-A.
Something hits you!
You feel dopey. Something stings you!
You feel dopey.
HP[-44] MP[-14]
You take 44 damage, and now have 65/109 hp.
MASSIVE DAMAGE!! (PAUSE)
You lost 14 mp, and now have 8/31 mp.
Casting: Olgreb's Toxic Radiance (safe; 1% risk of failure)
Confirm with . or Enter, or press ? or * to list all spells.
You can't see any susceptible monsters within range! (Use Z to cast anyway.) Unknown command.
Casting: Olgreb's Toxic Radiance (safe; 1% risk of failure)
Confirm with . or Enter, or press ? or * to list all spells.
Okay, then.
Casting: Olgreb's Toxic Radiance (safe; 1% risk of failure)
Confirm with . or Enter, or press ? or * to list all spells.
You feel a surge of power!
You ignite the poison in your surroundings!
Something closely misses you. Something hits you.
You feel weakened. Something stings you!
* * * LOW HITPOINT WARNING * * *
HP[-13] MP[-3]
You take 13 damage, and now have 52/109 hp.
You lost 3 mp, and now have 5/31 mp.
Casting: Ignite Poison (safe; 1% risk of failure)
Confirm with . or Enter, or press ? or * to list all spells.
You don't have enough magic to cast this spell.
You fade into invisibility!
Something barely misses you. x2; Something stings you!
* * * LOW HITPOINT WARNING * * *
HP[-7] MP[+1]
You take 7 damage, and now have 45/109 hp.
Your toxic aura wanes.
Something hits you!!
* * * LOW HITPOINT WARNING * * *
You feel clumsy. Something hits you.
* * * LOW HITPOINT WARNING * * *
Something stings you!
* * * LOW HITPOINT WARNING * * *
HP[-27]
You take 27 damage, and now have 18/109 hp.
MASSIVE DAMAGE!! (PAUSE)
You feel much better.
A jumping spider comes into view.
Something barely misses you. x2; Something stings you!
* * * LOW HITPOINT WARNING * * *
Something hits you!
* * * LOW HITPOINT WARNING * * *
You feel weakened. Something hits you!
* * * LOW HITPOINT WARNING * * *
You feel clumsy.
Something stings you but does no damage.
HP[-15]
You take 15 damage, and now have 3/109 hp.
You feel much better. Something hits you!
* * * LOW HITPOINT WARNING * * *
Something hits you!
* * * LOW HITPOINT WARNING * * *
Something stings you!
You die...
Your body crumbles into a pile of gold.

Skill      XL: |  1  2  3  4  5  6  7  8  9 10 11 12 13 14 15 16 |
---------------+-------------------------------------------------+-----
Stealth        | 3 4 5 7 10 | 10.0
Poison Magic   | 4 5 7 8 10 | 10.0
Fighting       | 1 5 7 9 10 | 10.0
Dodging        | 6 7 9 10 | 10.0
Transmutations | 4 7 10 13 | 13.0
Spellcasting   | 4 6 7 9 10 11 | 11.4
Conjurations   | 4 7 8 |  8.0
Ice Magic      | 3 7 8 |  8.0
Air Magic      | 3 7 10 | 10.0
Necromancy     | 5 |  5.0
Earth Magic    | 6 |  6.0

Action                   |  1- 3 |  4- 6 |  7- 9 | 10-12 | 13-15 | 16-18 || total
-------------------------+-------+-------+-------+-------+-------+-------++-------
Melee: Unarmed           |     6 |     7 |       |       |       |    10 ||    23
       Mace              |    28 |       |       |       |       |       ||    28
       Constrict         |     7 |     4 |     8 |    31 |    20 |     2 ||    72
       Tentacles         |     4 |     3 |     4 |    29 |    43 |     6 ||    89
       Short sword       |    15 |    27 |    27 |   128 |   109 |     7 ||   313
       Punch             |       |       |       |       |     2 |       ||     2
 Cast: Sting             |     2 |    25 |    23 |    28 |       |       ||    78
       Poisonous Vapours |       |    15 |    39 |    82 |   194 |    48 ||   378
       Olgreb's Toxic Ra |       |       |     7 |    27 |    72 |    26 ||   132
       Ignite Poison     |       |       |     9 |    66 |   163 |    44 ||   282
       Eringya's Noxious |       |       |       |     6 |    35 |     1 ||    42
       Freezing Cloud    |       |       |       |       |    51 |     3 ||    54
       Statue Form       |       |       |       |       |       |     1 ||     1
Invok: Call Merchant     |       |       |       |       |     7 |       ||     7
 Abil: End Transformatio |       |       |       |       |       |     1 ||     1
Evoke: Wand              |       |       |     7 |     3 |       |       ||    10
       Phantom mirror    |       |       |       |     1 |       |       ||     1
  Use: Scroll            |       |     3 |     8 |    12 |    17 |       ||    40
       Potion            |       |     2 |     2 |     1 |     4 |     3 ||    12
 Stab: Sleeping          |    10 |     2 |       |    15 |     1 |     1 ||    29
       Distracted        |       |     1 |       |     1 |     3 |       ||     5
Armor: Skin              |     4 |     6 |     4 |    22 |    10 |    20 ||    66
Dodge: Dodged            |    21 |    20 |    25 |    98 |   214 |    65 ||   443

Levels and vault maps discovered:
D:1:      dpeg_arrival_radiant, layout_basic, minmay_misc_feat_enclosed
D:2:      layout_loops_ring, basic_altar
D:3:      layout_basic, kennysheep_decorative_pillar, uniq_natasha
D:4:      layout_rooms, uniq_sigmund
D:5:      layout_cave_pools, ebering_ghost_disaster_area, due_unseen_surprise
D:6:      layout_loops_ring, mainiacjoe_overflow_tiny_flanked,
          minmay_temple_entry_offerings
D:7:      layout_layer_cave, serial_shops, shop, enter_bailey_5, uniq_maggie
D:8:      layout_rooms, enter_ossuary_2, nicolae_sextant, uniq_maurice
D:9:      layout_loops_corners, lair_entry_dummy, kennysheep_generic_room_10
D:10:     layout_small_grid, hangedman_abyss_or_decor_lesser_grid
D:11:     layout_small_grid, erik_orc_3
D:12:     layout_roguey [special_room_orc]
D:13:     layout_roguey, grunt_vaults_entry_tiered, nrook_mini_backslash
D:14:     layout_basic, serial_bayou_lagoon_a, serial_shops,
          nicolae_shop_waterfront, minmay_unpleasant_kobolds, uniq_roxanne
Temple:   mainiacjoe_temple_starburst
Lair:1:   layout_loops_ring, ebering_ghost_reflecting_pool
Lair:2:   layout_cave_shapes, elwin_shoals_entry_stream,
          hellmonk_spider_entry_life_and_decay
Lair:3:   layout_hall_layers, grunt_megastairs_4, lemuel_fruit_fields,
          infiniplex_staircase_pool_2
Lair:4:   layout_misc_corridors, minmay_slime_entry_oklob_enclosed, uniq_nessos,
          uniq_kirke
Lair:5:   hangedman_lair_in_review, layout_long_grid, guppyfry_lair_end_dragon,
          minmay_lair_drake_nest
Spider:1: layout_spider_delve
Spider:2: layout_spider_delve
Spider:3: layout_spider_delve
Orc:1:    layout_caves, nicolae_shop_overcharged_wands
Orc:2:    st_orc_pillars, layout_caves, gammafunk_ghost_necromancy, basic_altar,
          nicolae_specific_store

Notes
Turn   | Place    | Note
-------+----------+-------------------------------------------
     0 | D:1      | zeratav the Octopode Venom Mage began the quest for the
                  | Orb.
     0 | D:1      | Reached XP level 1. HP: 11/11 MP: 3/3
     0 | D:1      | magus.rc [v1.9.6]
   172 | D:1      | Reached skill level 3 in Stealth
   386 | D:1      | Reached XP level 2. HP: 17/17 MP: 5/5
   390 | D:1      | Reached skill level 4 in Poison Magic
   831 | D:1      | Reached XP level 3. HP: 15/21 MP: 6/6
  1306 | D:2      | Reached skill level 4 in Stealth
  1690 | D:2      | You pick up a book of Dangerous Friends and begin
                  | reading...
  1690 | D:2      | You add the spells Summon Guardian Golem, Orb of
                  | Destruction and Spellforged Servitor to your library.
  1838 | D:2      | Found a hide-covered altar of Uskayaw.
  2008 | D:3      | Learned a level 2 spell: Poisonous Vapours
  2083 | D:3      | Reached XP level 4. HP: 24/27 MP: 7/7
  2335 | D:3      | Noticed Natasha
  2343 | D:3      | Killed Natasha
  2344 | D:3      | Reached skill level 5 in Stealth
  2344 | D:3      | Reached skill level 5 in Poison Magic
  2601 | D:3      | Noticed Natasha
  2611 | D:3      | Killed Natasha
  2660 | D:3      | Noticed Natasha
  2661 | D:3      | Killed Natasha
  2662 | D:3      | Reached XP level 5. HP: 25/31 MP: 5/8
  2965 | D:4      | You add the spells Alistair's Intoxication, Borgnjor's Vile
                  | Clutch and Eringya's Noxious Bog to your library.
  2970 | D:4      | Noticed Sigmund
  2976 | D:4      | Reached skill level 6 in Poison Magic
  3670 | D:5      | Entered Level 5 of the Dungeon
  3739 | D:5      | Reached skill level 7 in Poison Magic
  3739 | D:5      | Reached XP level 6. HP: 36/36 MP: 1/9
  3827 | D:5      | Noticed an ice beast
  3963 | D:5      | Killed an ice beast
  4119 | D:5      | Reached skill level 8 in Poison Magic
  4342 | D:5      | HP: 2/36 [acid (8)]
  4345 | D:5      | Reached XP level 7. HP: 2/41 MP: 4/10
  4871 | D:5      | Reached skill level 9 in Poison Magic
  5137 | D:5      | Found a large runed translucent door.
  5138 | D:5      | Found a large runed translucent door.
  5172 | D:5      | Noticed flotson's ghost (weakling DsDe)
  5279 | D:6      | Reached skill level 10 in Poison Magic
  5376 | D:6      | HP: 5/41 [water moccasin (8)]
  5379 | D:6      | Reached skill level 1 in Fighting
  5670 | D:6      | Reached XP level 8. HP: 49/49 MP: 5/11
  5749 | D:6      | Reached skill level 2 in Fighting
  5749 | D:6      | Reached skill level 3 in Dodging
  6044 | D:6      | Found a hide-covered altar of Uskayaw.
  6143 | D:6      | Found a staircase to the Ecumenical Temple.
  6150 | D:6      | You add the spells Ignite Poison and Freezing Cloud to your
                  | library.
  6153 | Temple   | Entered the Ecumenical Temple
  6457 | Temple   | Became a worshipper of Gozag Ym Sagoz the Greedy
  6668 | D:6      | You pick up a book of Changes and begin reading...
  6668 | D:6      | You add the spells Beastly Appendage, Wereblood and Spider
                  | Form to your library.
  6758 | D:6      | Reached skill level 3 in Fighting
  6833 | D:6      | Learned a level 4 spell: Olgreb's Toxic Radiance
  6837 | D:6      | Learned a level 3 spell: Ignite Poison
  6974 | D:6      | Reached skill level 4 in Dodging
  7173 | D:7      | Found a flagged portal.
  7193 | D:7      | Reached skill level 4 in Fighting
  7204 | D:7      | Reached skill level 5 in Dodging
  7287 | D:7      | Noticed Maggie
  7298 | D:7      | Killed Maggie
  7299 | D:7      | Reached skill level 5 in Fighting
  7299 | D:7      | Reached skill level 6 in Dodging
  7299 | D:7      | Reached XP level 9. HP: 51/61 MP: 2/12
  7545 | Bailey   | Entered a bailey
  7552 | Bailey   | Reached skill level 6 in Fighting
  7605 | Bailey   | Noticed a two-headed ogre
  7612 | Bailey   | Killed a two-headed ogre
  7613 | Bailey   | Reached skill level 7 in Fighting
  7613 | Bailey   | Reached skill level 7 in Dodging
  7613 | Bailey   | Reached skill level 2 in Transmutations
  7640 | Bailey   | Reached skill level 3 in Spellcasting
  7746 | Bailey   | Reached skill level 4 in Spellcasting
  7746 | Bailey   | Reached skill level 4 in Transmutations
  7746 | Bailey   | Reached XP level 10. HP: 52/71 MP: 2/16
  8035 | Bailey   | Identified the quicksilver dragon scales of the Lizard
                  | {Rampage Will+ rCorr Dex-3 Stlth+}
  8036 | Bailey   | h - the quicksilver dragon scales of the Lizard {Rampage
                  | Will+ rCorr Dex-3 Stlth+, rare}
  8037 | Bailey   | You drop the quicksilver dragon scales of the Lizard
                  | {Rampage Will+ rCorr Dex-3 Stlth+, rare}.
  8684 | D:7      | Found Caocysuf's Magic Scroll Emporium.
  8692 | D:7      | Bought 2 scrolls of identify for 48 gold pieces
  8692 | D:7      | Bought a scroll of identify for 24 gold pieces
  8692 | D:7      | Bought a scroll of identify for 24 gold pieces
  8692 | D:7      | Bought a scroll of identify for 24 gold pieces
  8692 | D:7      | Bought a scroll of summoning for 114 gold pieces
  8692 | D:7      | Bought a scroll of summoning for 114 gold pieces
  8692 | D:7      | Bought a scroll of magic mapping for 90 gold pieces
  8723 | D:7      | Reached skill level 5 in Transmutations
  9681 | D:8      | Noticed Maurice
  9703 | D:8      | Noticed a two-headed ogre
  9708 | D:8      | Killed a two-headed ogre
  9709 | D:8      | Reached skill level 5 in Spellcasting
  9738 | D:8      | Found a sand-covered staircase.
  9744 | Ossuary  | Entered an ossuary
 10674 | D:8      | Killed Maurice
 10675 | D:8      | Reached skill level 6 in Transmutations
 10706 | D:8      | Reached skill level 6 in Spellcasting
 10844 | D:8      | You pick up a book of Frost and begin reading...
 10844 | D:8      | You add the spells Freeze, Frozen Ramparts and Hailstorm to
                  | your library.
 10892 | D:8      | You pick up a book of Beasts and begin reading...
 10892 | D:8      | You add the spells Summon Ice Beast, Summon Mana Viper and
                  | Monstrous Menagerie to your library.
 11841 | D:9      | Noticed a two-headed ogre
 11853 | D:9      | Killed a two-headed ogre
 11854 | D:9      | Reached skill level 7 in Transmutations
 11854 | D:9      | Reached XP level 11. HP: 46/75 MP: 8/21
 12197 | D:9      | Noticed a two-headed ogre
 12205 | D:9      | Killed a two-headed ogre
 12206 | D:9      | Reached skill level 7 in Spellcasting
 12206 | D:9      | Reached skill level 8 in Transmutations
 12623 | D:9      | Found a staircase to the Lair.
 12799 | D:9      | Got the Writings on the Spellbinding Gift
 12894 | D:9      | Reached skill level 9 in Transmutations
 13262 | D:10     | Entered Level 10 of the Dungeon
 13922 | D:10     | Reached skill level 1 in Conjurations
 13922 | D:10     | Reached skill level 1 in Ice Magic
 13922 | D:10     | Reached skill level 1 in Air Magic
 14013 | D:11     | Noticed a two-headed ogre
 14017 | D:11     | Killed a two-headed ogre
 14191 | D:11     | Noticed a four-headed hydra
 14230 | D:11     | Reached skill level 2 in Ice Magic
 14233 | D:11     | Reached skill level 2 in Conjurations
 14233 | D:11     | Reached skill level 2 in Air Magic
 14409 | Lair:1   | Entered Level 1 of the Lair of Beasts
 14422 | Lair:1   | Reached skill level 10 in Transmutations
 14512 | Lair:1   | Learned a level 6 spell: Eringya's Noxious Bog
 14521 | Lair:1   | Reached skill level 3 in Conjurations
 14591 | Lair:1   | Noticed a boulder beetle
 14598 | Lair:1   | Killed a boulder beetle
 14599 | Lair:1   | Reached skill level 3 in Ice Magic
 14599 | Lair:1   | Reached skill level 3 in Air Magic
 14708 | Lair:1   | Noticed an eight-headed hydra
 15093 | Lair:1   | Reached skill level 4 in Conjurations
 15093 | Lair:1   | Reached XP level 12. HP: 81/81 MP: 10/22
 15098 | Lair:1   | Reached skill level 4 in Ice Magic
 15098 | Lair:1   | Reached skill level 4 in Air Magic
 15214 | Lair:1   | Found a runed translucent door.
 15219 | Lair:1   | Noticed tself55's ghost (journeyman PaFi)
 15672 | Lair:2   | Noticed a death yak
 15683 | Lair:2   | Noticed a death yak
 15689 | Lair:2   | Noticed a death yak
 15695 | Lair:2   | Killed a death yak
 15696 | Lair:2   | Reached skill level 5 in Conjurations
 15696 | Lair:2   | Reached skill level 5 in Ice Magic
 15696 | Lair:2   | Reached skill level 5 in Air Magic
 15710 | Lair:2   | Noticed a death yak
 15776 | Lair:2   | Noticed a death yak
 15790 | Lair:2   | Killed a death yak
 15790 | Lair:2   | Killed a death yak
 15790 | Lair:2   | Killed a death yak
 15795 | Lair:2   | Killed a death yak
 16026 | Lair:2   | Reached skill level 6 in Conjurations
 16051 | Lair:2   | Reached skill level 6 in Ice Magic
 16051 | Lair:2   | Reached skill level 6 in Air Magic
 16245 | Lair:2   | Found a staircase to the Shoals.
 16434 | Lair:2   | Noticed a boulder beetle
 16439 | Lair:2   | Killed a boulder beetle
 16697 | Lair:2   | Found a hole to the Spider Nest.
 16739 | Lair:2   | Reached skill level 7 in Conjurations
 16837 | Lair:2   | Reached skill level 7 in Ice Magic
 16837 | Lair:2   | Reached skill level 7 in Air Magic
 16996 | Lair:2   | Reached XP level 13. HP: 86/86 MP: 17/23
 17411 | Lair:3   | Learned a level 5 spell: Freezing Cloud
 17507 | Lair:3   | Identified a scroll of acquirement
 17508 | Lair:3   | Acquired the ring "Rippokaz" {rPois rC++ Str-2 Int+5}
 17531 | Lair:3   | You pick up a book of Misfortune and begin reading...
 17531 | Lair:3   | You add the spells Confusing Touch and Enfeeble to your
                  | library.
 17942 | Lair:3   | Reached skill level 8 in Conjurations
 17942 | Lair:3   | Reached skill level 8 in Air Magic
 17944 | Lair:3   | Reached skill level 8 in Ice Magic
 18119 | Lair:3   | Reached skill level 9 in Air Magic
 18918 | Lair:4   | Reached skill level 10 in Air Magic
 19028 | Lair:4   | Noticed Nessos
 19035 | Lair:4   | HP: 14/86 [poisoned by Nessos]
 19035 | Lair:4   | HP: 6/86 [Nessos (8)]
 19040 | Lair:4   | Killed Nessos
 19401 | Lair:4   | Acquired 481 gold pieces
 19408 | Lair:4   | Noticed Kirke
 19417 | Lair:4   | Reached skill level 6 in Stealth
 19766 | Lair:4   | Reached skill level 7 in Stealth
 19920 | Lair:4   | You pick up a book of Touch and begin reading...
 19920 | Lair:4   | You add the spells Static Discharge, Sticky Flame and
                  | Dispel Undead to your library.
 20603 | Lair:4   | Found a staircase to the Slime Pits.
 20937 | Lair:4   | Learned a level 5 spell: Yara's Violent Unravelling
 21208 | Lair:4   | Reached XP level 14. HP: 92/92 MP: 13/25
 21211 | Lair:4   | Killed Kirke
 21212 | Lair:4   | Reached skill level 8 in Stealth
 21341 | Lair:5   | Entered Level 5 of the Lair of Beasts
 21692 | Lair:5   | Reached skill level 9 in Stealth
 21832 | Lair:5   | Reached skill level 8 in Fighting
 21832 | Lair:5   | Reached skill level 8 in Dodging
 21976 | Lair:5   | Reached skill level 8 in Spellcasting
 22101 | Lair:5   | You add the spells Shock, Portal Projectile and Manifold
                  | Assault to your library.
 22101 | Lair:5   | Got the Verses on Dimensional Blasting
 22172 | Lair:5   | Reached skill level 10 in Stealth
 23085 | Lair:5   | Reached skill level 9 in Fighting
 23085 | Lair:5   | Reached skill level 9 in Dodging
 23195 | Lair:5   | You pick up a book of Displacement and begin reading...
 23195 | Lair:5   | You add the spells Lesser Beckoning, Gell's Gravitas and
                  | Teleport Other to your library.
 23756 | Lair:5   | You pick up a book of Conjurations and begin reading...
 23756 | Lair:5   | You add the spells Magic Dart, Searing Ray and Fulminant
                  | Prism to your library.
 23767 | Lair:5   | Reached skill level 9 in Spellcasting
 24408 | Lair:5   | Reached XP level 15. HP: 95/102 MP: 17/28
 25200 | D:4      | Killed Sigmund
 25625 | D:11     | Found a staircase to the Orcish Mines.
 25910 | D:11     | Reached skill level 10 in Dodging
 26136 | D:11     | Reached skill level 10 in Fighting
 26750 | D:12     | You pick up a book of Dangerous Friends and begin
                  | reading...
 26879 | D:12     | Reached skill level 10 in Spellcasting
 28209 | D:13     | Reached skill level 11 in Transmutations
 28210 | D:13     | HP: 25/103 [skeletal warrior/+0 long sword (10)]
 28211 | D:13     | HP: 8/103 [skeletal warrior/+0 long sword (17)]
 29331 | D:14     | You add the spells Scorch, Summon Forest and Malign Gateway
                  | to your library.
 29331 | D:14     | Got the Commentary on the Traveller and the Coals
 29342 | D:14     | Found Lauphigo's Assorted Antiques.
 29350 | D:14     | Bought a scroll of identify for 80 gold pieces
 29350 | D:14     | Bought a scroll of identify for 80 gold pieces
 29432 | D:14     | Noticed Roxanne
 29445 | D:14     | HP: 24/103 [centaur/arrow[a centaur warrior] (7)]
 29946 | Orc:1    | Entered Level 1 of the Orcish Mines
 29958 | Orc:1    | Reached skill level 1 in Necromancy
 30222 | Orc:1    | Found Feggacw's Overcharged Wands.
 30628 | Orc:2    | Entered Level 2 of the Orcish Mines
 30785 | Orc:2    | Found Laproh Byjo's Specific Store.
 30785 | Orc:2    | Found Lasesy's General Store.
 30844 | Orc:2    | Reached skill level 2 in Necromancy
 31043 | Orc:2    | Found a staircase to the Elven Halls.
 32042 | Orc:2    | Reached skill level 3 in Necromancy
 32044 | Orc:2    | Reached skill level 12 in Transmutations
 32360 | Orc:2    | Reached skill level 4 in Necromancy
 33263 | Orc:2    | Reached skill level 5 in Necromancy
 33440 | Orc:2    | Found a runed translucent gate.
 33441 | Orc:2    | Found a runed translucent gate.
 33442 | Orc:2    | Found a runed translucent gate.
 33449 | Orc:2    | Noticed davecave's ghost (journeyman TrMo)
 33455 | Orc:2    | Learned a level 4 spell: Dispel Undead
 33565 | Orc:2    | Found Myunicuy's Book Boutique.
 33565 | Orc:2    | Found Piur's Magic Scroll Boutique.
 33566 | Orc:2    | Found Qaeril's Antique Armour Boutique.
 33566 | Orc:2    | Found Ucoyh Qal's Magic Scroll Shop.
 33576 | Orc:2    | Bought 3 scrolls of teleportation for 135 gold pieces
 33576 | Orc:2    | Bought a scroll of magic mapping for 112 gold pieces
 33576 | Orc:2    | Bought a scroll of teleportation for 45 gold pieces
 33576 | Orc:2    | Bought a scroll of silence for 142 gold pieces
 33576 | Orc:2    | Bought a scroll of teleportation for 45 gold pieces
 33576 | Orc:2    | Bought a scroll of blinking for 112 gold pieces
 33576 | Orc:2    | Bought a scroll of magic mapping for 112 gold pieces
 33577 | Orc:2    | Bought a scroll of teleportation for 39 gold pieces
 33606 | Orc:2    | Bought the Writings on Shifting Blasting for 660 gold
                  | pieces
 33606 | Orc:2    | You add the spells Starburst and Statue Form to your
                  | library.
 33893 | Spider:1 | Entered Level 1 of the Spider Nest
 34152 | Spider:1 | Reached skill level 13 in Transmutations
 34152 | Spider:1 | Reached XP level 16. HP: 80/109 MP: 17/30
 34154 | Spider:1 | Reached skill level 1 in Earth Magic
 34397 | Spider:1 | Reached skill level 2 in Earth Magic
 34758 | Spider:1 | Identified the ring of Uptoba {Fire rElec rPois Int+8
                  | Dex-5}
 35142 | Spider:1 | Reached skill level 3 in Earth Magic
 35837 | Spider:2 | Reached skill level 4 in Earth Magic
 36434 | Spider:3 | Reached skill level 11 in Spellcasting
 36443 | Spider:3 | Reached skill level 5 in Earth Magic
 36994 | Spider:3 | Learned a level 6 spell: Statue Form
 37142 | Spider:3 | Reached skill level 6 in Earth Magic
 37163 | Spider:3 | HP: 27/109 [something (1)]
 37164 | Spider:3 | HP: 3/109 [something (13)]
 37165 | Spider:3 | Slain by a ghost moth

Vanquished Creatures
  Kirke (Lair:4)
  An emperor scorpion (Spider:1)
  A broodmother (Spider:3)
  An entropy weaver (Spider:3)
  A spark wasp (Spider:3)
  Nessos (Lair:4)
  A fire dragon (Lair:5)
  3 boulder beetles
  6 hydras
  2 radroaches (Spider:1)
  2 catoblepae
  6 death yaks
  A centaur warrior (D:14)
  5 two-headed ogres
  5 orc high priests (Orc:2)
  2 skeletal warriors (D:13)
  A swamp dragon (Lair:5)
  4 orb spiders
  2 steelbarb worms (Spider:2)
  A swamp dragon (shapeshifter) (D:13)
  9 orc knights
  A lindwurm (Lair:5)
  A deep elf pyromancer (D:13)
  2 ugly things
  10 wolf spiders
  6 cyclopes
  3 manticores
  16 elephants
  2 merfolk sirens (Lair:2)
  Maurice (D:8)
  6 black mambas
  3 torpor snails
  16 cane toads
  A demonic crawler (Spider:3)
  11 rime drakes (Lair:5)
  8 komodo dragons
  An efreet (D:13)
  9 trolls
  A polar bear (Lair:3)
  2 merfolk (Lair:2)
  13 slime creatures
  9 blink frogs
  19 dream sheep
  26 jumping spiders
  13 tarantellas
  Sigmund (D:4)
  9 culicivoras
  3 spriggans (Bailey)
  A shadow (D:11)
  75 yaks
  2 wraiths
  8 wyverns
  4 hogs (Lair:4)
  5 steam dragons
  4 basilisks
  30 redbacks
  9 vampire mosquitoes
  2 wargs
  3 acid dragons
  12 water moccasins
  42 orc warriors
  An ice beast (D:5)
  2 black bears
  3 sky beasts
  4 wolves (Lair:3)
  5 centaurs
  11 ogres
  3 kobold brigands
  8 bullfrogs
  3 scorpions
  5 wights
  6 howler monkeys
  An electric eel (Spider:2)
  3 hounds
  4 jellies
  38 orc priests
  A gnoll bouda (Orc:2)
  7 iguanas
  Natasha (thrice) (D:3)
  9 orc wizards
  A mummy (Ossuary)
  9 gnolls
  4 adders
  2 shadow imps
  A white imp (D:5)
  An ufetubus (D:4)
  2 dart slugs (D:4)
  103 orcs
  4 spectral bats (Ossuary)
  2 bats
  6 endoplasms
  3 giant cockroaches (D:1)
  12 gnoll zombies (Ossuary)
  14 goblins
  4 hobgoblins
  A quokka (D:1)
  3 ball pythons
  5 bat simulacra (Ossuary)
  3 frilled lizards (D:1)
  A goblin simulacrum (Ossuary)
  8 goblin zombies (Ossuary)
  3 hobgoblin zombies (Ossuary)
  24 kobolds
  4 kobold simulacra (Ossuary)
  4 kobold zombies (Ossuary)
  3 orc zombies (Ossuary)
  3 rats (D:1)
  4 rat simulacra (Ossuary)
  5 spectral goblins (Ossuary)
  3 spectral kobolds (Ossuary)
  2 spectral rats (Ossuary)
  A butterfly (Lair:3)
808 creatures vanquished.

Vanquished Creatures (collateral kills)
  Maggie (D:7)
  2 wights (D:7)
  2 jellies (D:7)
5 creatures vanquished.

Vanquished Creatures (others)
  47 fungi
  147 plants
194 creatures vanquished.

Grand Total: 1007 creatures vanquished

Table legend:
 A = Non-vault XP
 B = Vault XP
 C = Vault XP percentage of total XP
 D = Non-vault monster count
 E = Vault monster count
 F = Vault count percentage of total count
                 A         B        C        D         E       F
            +---------+---------+-------+---------+---------+-------
      Total |  117661 |   39702 |  25.2 |     556 |     256 |  31.5
            +---------+---------+-------+---------+---------+-------
        D:1 |      37 |       0 |   0.0 |      24 |       0 |   0.0
        D:2 |      24 |       0 |   0.0 |       8 |       0 |   0.0
        D:3 |     100 |      35 |  25.9 |       6 |       1 |  14.3
        D:4 |      70 |     231 |  76.7 |      10 |       1 |   9.1
        D:5 |     737 |       0 |   0.0 |      14 |       0 |   0.0
        D:6 |     715 |       0 |   0.0 |      11 |       0 |   0.0
        D:7 |    1561 |     417 |  21.1 |      23 |       5 |  17.9
        D:8 |    1827 |     462 |  20.2 |      27 |       1 |   3.6
        D:9 |    3198 |     216 |   6.3 |      21 |       1 |   4.5
       D:10 |    1814 |       0 |   0.0 |       9 |       0 |   0.0
       D:11 |    6465 |     576 |   8.2 |      34 |      13 |  27.7
       D:12 |    5378 |     784 |  12.7 |      19 |      25 |  56.8
       D:13 |    5964 |       0 |   0.0 |      16 |       0 |   0.0
       D:14 |    1046 |     112 |   9.7 |       3 |       6 |  66.7
     Lair:1 |    5127 |       0 |   0.0 |      19 |       0 |   0.0
     Lair:2 |    9336 |    2434 |  20.7 |      24 |       8 |  25.0
     Lair:3 |   10151 |    2187 |  17.7 |      25 |      10 |  28.6
     Lair:4 |    8243 |    3174 |  27.8 |      31 |       6 |  16.2
     Lair:5 |   17393 |   14313 |  45.1 |      57 |      36 |  38.7
   Spider:1 |   14627 |       0 |   0.0 |      49 |       0 |   0.0
   Spider:2 |    6047 |       0 |   0.0 |      16 |       0 |   0.0
   Spider:3 |   11716 |       0 |   0.0 |      33 |       0 |   0.0
      Orc:1 |    4407 |       0 |   0.0 |      56 |       0 |   0.0
      Orc:2 |    1678 |   12407 |  88.1 |      21 |      74 |  77.9
    Ossuary |       0 |      89 | 100.0 |       0 |      59 | 100.0
     Bailey |       0 |    2265 | 100.0 |       0 |      10 | 100.0
            +---------+---------+-------+---------+---------+-------

Illustrated notes

Table legend:
 A = Kills in this place as a percentage of kills in entire the game.
 B = Kills by you in this place as a percentage of kills by you in the entire game.
 C = Kills by friends in this place as a percentage of kills by friends in the entire game.
 D = Other kills in this place as a percentage of other kills in the entire game.
 E = Experience gained in this place as a percentage of experience gained in the entire game.
 F = Experience gained in this place divided by the number of levels of this place that you have seen.
                   A       B       C       D       E      F
               +-------+-------+-------+-------+-------+----------------------
         Total | 100.0 | 100.0 | 100.0 |   N/A | 100.0 | 5828.3
       Dungeon |  34.2 |  33.8 | 100.0 |   N/A |  20.2 | 2269.2
          Lair |  26.6 |  26.8 |   0.0 |   N/A |  46.0 | 14471.6
   Spider Nest |  12.1 |  12.1 |   0.0 |   N/A |  20.6 | 10796.7
  Orcish Mines |  18.6 |  18.7 |   0.0 |   N/A |  11.8 | 9246.0
       Ossuary |   7.3 |   7.3 |   0.0 |   N/A |   0.1 |  89.0
        Bailey |   1.2 |   1.2 |   0.0 |   N/A |   1.4 | 2265.0
               +-------+-------+-------+-------+-------+----------------------

Table legend: (Time is in decaauts)
 A = Elapsed time spent in this place.
 B = Non-inter-level travel time spent in this place.
 C = Inter-level travel time spent in this place.
 D = Time resting spent in this place.
 E = Time spent auto-exploring this place.
 F = Levels seen in this place.
 G = Mean time per level.
                   A        B        C        D        E       F      G
               +--------+--------+--------+--------+--------+-----+--------+
         Total |  37124 |  35568 |   1556 |  12421 |  16515 |  27 | 1375.0 |
       Dungeon |  17770 |  16923 |    847 |   4290 |  10195 |  14 | 1269.3 |
        Temple |    356 |    271 |     85 |      0 |    263 |   1 |  356.0 |
          Lair |  10515 |  10124 |    391 |   4608 |   3481 |   5 | 2103.0 |
   Spider Nest |   3289 |   3251 |     38 |   1623 |    829 |   3 | 1096.3 |
  Orcish Mines |   3852 |   3659 |    193 |   1609 |   1138 |   2 | 1926.0 |
       Ossuary |    806 |    806 |      0 |      0 |    511 |   1 |  806.0 |
        Bailey |    532 |    532 |      0 |    291 |     98 |   1 |  532.0 |
               +--------+--------+--------+--------+--------+-----+--------+

Top non-repeatable levels by time:
  Lair:5: 3208 daAuts
   Orc:2: 2821 daAuts
  Lair:4: 2264 daAuts
  Lair:3: 2091 daAuts
     D:7: 1892 daAuts
     D:6: 1719 daAuts
  Lair:2: 1676 daAuts
Spider:1: 1637 daAuts
     D:9: 1606 daAuts
    D:11: 1590 daAuts
     D:5: 1571 daAuts
    D:12: 1532 daAuts
     D:8: 1284 daAuts
  Lair:1: 1274 daAuts
     D:1: 1240 daAuts
